 Dungeon Crawl Stone Soup version 0.19.1-1-g22dce08 (webtiles) character file.

3280 theAP the Basher (level 10, -11/72 HPs)
             Began as a Gargoyle Fighter on Jan 17, 2017.
             Was an Initiate of Okawaru.
             Mangled by an enormous slime creature (37 damage)
             ... on level 7 of the Dungeon.
             The game lasted 00:17:30 (5368 turns).

theAP the Basher (Gargoyle Fighter)                 Turns: 5368, Time: 00:17:32

Health: -11/72     AC: 20    Str: 25    XL:     10   Next: 0%
Magic:  10/10      EV:  5    Int: 11    God:    Okawaru [......]
Gold:   259        SH: 12    Dex:  8    Spells: 0 memorised, 9 levels left

rFire  . . .     SeeInvis .     v - +3 morningstar (crush)
rCold  . . .     Gourm    .     A - +0 chain mail
rNeg   + . .     Faith    .     c - +1 shield
rPois  ∞         Spirit   .     (helmet restricted)
rElec  +         Reflect  +     d - +0 cloak
rCorr  .         Harm     .     t - +0 pair of gloves
MR     +....     Rnd*Rage +     u - +0 pair of boots
Stlth  ..........               k - +2 amulet of reflection
                                y - ring of protection from magic
                                C - +3 ring of dexterity

@: no status effects
A: antennae 1, talons 1, berserk 1, clever 1, clumsy 2, deterioration 1,
negative energy resistance 1, robust 1, shaggy fur 1, electricity resistance,
strong 1, unbreathing, petrification resistance, rot immunity, AC +7
a: Renounce Religion


You were on level 7 of the Dungeon.
You worshipped Okawaru.
Okawaru was noncommittal.
You were not hungry.

You visited 2 branches of the dungeon, and saw 8 of its levels.

You collected 259 gold pieces.

Inventory:

Hand Weapons
 a - a +0 flail
 m - a +0 whip
 o - a +1 mace of draining
 v - a +3 morningstar of crushing (weapon)
Armour
 b - a +0 scale mail
 c - a +1 shield (worn)
 d - a +0 cloak (worn)
 t - a +0 pair of gloves (worn)
 u - a +0 pair of boots (worn)
 A - a +0 chain mail (worn)
Jewellery
 k - a +2 amulet of reflection (around neck)
 n - an uncursed ring of magical power
 p - an uncursed ring of protection from fire
 r - an uncursed ring of poison resistance
 s - an uncursed ring of wizardry
 y - a ring of protection from magic (right hand)
 C - a +3 ring of dexterity (left hand)
Scrolls
 h - 8 scrolls of remove curse
 w - a scroll of recharging
 E - 3 scrolls of identify
Potions
 e - 3 potions of heal wounds
 i - 4 potions of ambrosia
 j - a potion of haste
 q - 3 potions of brilliance {unknown}
 x - a potion of lignification {unknown}
Books
 z - a book of Minor Magic

   Spells                             Type                      Level
   a - Magic Dart                     Conjuration                  1
   b - Blink                          Translocation                2
   c - Call Imp                       Summoning                    2
   d - Repel Missiles                 Charms/Air                   2
   e - Slow                           Hexes                        2
   f - Conjure Flame                  Conjuration/Fire             3
   g - Mephitic Cloud                 Conjuration/Poison/Air       3
Comestibles
 f - 6 bread rations
 g - 12 fruits
 l - a meat ration
 B - a beef jerky


   Skills:
 + Level 9.2 Fighting
 * Level 11.3 Maces & Flails
 - Level 3.2 Armour
 - Level 3.2 Shields


You had 9 spell levels left.
You didn't know any spells.

Dungeon Overview and Level Annotations

Branches:
Dungeon (7/15)             Temple (1/1) D:7

Altars:
Ashenzari
Cheibriados
Dithmenos
Elyvilon
Gozag
Hepliaklqana
Kikubaaqudgha
Makhleb
Nemelex Xobeh
Okawaru
Qazlal
Sif Muna
Xom
Yredelemnul
Zin
The Shining One


Innate Abilities, Weirdness & Mutations

You are resistant to torment.
Your stone body is resilient. (AC +7)
You are immune to poison.
You resist negative energy. (rN+)
You are resistant to electric shocks. (rElec)
You can survive without breathing.
You are immune to petrification.
You are immune to rotting.
You have a pair of small antennae on your head.
You have sharp toenails.
You tend to lose your temper in combat.
Your mind is acute. (Int +2)
You are very clumsy. (Dex -4)
Your body sometimes deteriorates upon taking damage.
You are robust. (+10% HP)
You are covered in fur. (AC +1)
Your muscles are strong. (Str +2)


Message History

Your shield and chain mail prevent you from hitting the enormous slime creature.
The enormous slime creature is moderately wounded.
The enormous slime creature hits you!!
The quokka twitches its whiskers.
The quokka twitches its whiskers.
The quokka bites you but does no damage.
You puncture the enormous slime creature!
The enormous slime creature is lightly wounded.
The enormous slime creature hits you but does no damage.
You sock the enormous slime creature!
The enormous slime creature is lightly wounded.
You block the enormous slime creature's attack.
You bludgeon the enormous slime creature!!
The enormous slime creature is moderately wounded.
The enormous slime creature hits you!!!
Ouch! That really hurt!
* * * LOW HITPOINT WARNING * * *
You feel much better. The enormous slime creature hits you!!!
Ouch! That really hurt!
You die...

##########.###
.............##
....######....##
###.# #..#..## #.#
###.....## ###.#
..........#
..#.###.####...>.#
........# #.#.#.#
#.#.#### #.#.#@#
#.#.# #.#.#J#
#.#.# #.#.#r#
#.(.##### #.#.#.#
#..<....# #.#...#
#.#####.# #.#..##
#.# #. #.#.J# #.#
###.####.#..# #.#
#...........#


You could see an enormous slime creature, a slime creature and a quokka.

Vanquished Creatures
  Sigmund (D:2)
  Eustachio (D:5)
  A steam dragon (D:6)
  Menkaure (D:5)
  Edmund (D:5)
  3 ice beasts
  3 sky beasts
  A black bear (D:6)
  2 phantoms
  3 centaurs
  An ogre (D:6)
  A big kobold (D:7)
  3 scorpions
  2 howler monkeys
  A centaur zombie (D:7)
  2 crimson imps
  A bullfrog skeleton (D:5)
  A centaur skeleton (D:5)
  4 orc priests
  Crazy Yiuf (D:2)
  9 orc wizards
  Ijyb (D:2)
  3 worker ants
  Natasha (twice) (D:3)
  A hound zombie (D:6)
  A howler monkey zombie (D:5)
  Robin (D:3)
  7 gnolls
  11 adders
  A shadow imp (D:5)
  An adder zombie (D:6)
  3 worms
  7 dart slugs
  3 leopard geckos
  14 orcs
  10 bats
  3 giant cockroaches
  14 goblins
  11 hobgoblins
  3 jackals (D:5)
  A quokka (D:4)
  5 frilled lizards
  A jackal skeleton (D:5)
  14 kobolds
  A quokka skeleton (D:7)
  8 rats
  A spectral orc (D:6)
171 creatures vanquished.

Vanquished Creatures (others)
  2 centaurs
  A bullfrog zombie (D:6)
  An orc (D:4)
4 creatures vanquished.

Grand Total: 175 creatures vanquished

Notes
Turn   | Place    | Note
-------+----------+-------------------------------------------
     0 | D:1      | theAP the Gargoyle Fighter began the quest for the Orb.
     0 | D:1      | Reached XP level 1. HP: 14/14 MP: 1/1
   122 | D:1      | Reached XP level 2. HP: 11/19 MP: 2/2
   431 | D:1      | You fall through a shaft!
   436 | D:2      | Reached XP level 3. HP: 24/24 MP: 3/3
   466 | D:2      | Reached skill level 3 in Maces & Flails
   556 | D:2      | Noticed Ijyb
   559 | D:2      | Found a burning altar of Makhleb.
   585 | D:2      | Killed Ijyb
   585 | D:2      | Reached XP level 4. HP: 20/29 MP: 4/4
   706 | D:2      | Reached skill level 4 in Maces & Flails
   768 | D:2      | Noticed Sigmund
   788 | D:2      | Killed Sigmund
   788 | D:2      | Reached skill level 5 in Fighting
   788 | D:2      | Reached skill level 5 in Maces & Flails
   788 | D:2      | Reached XP level 5. HP: 21/35 MP: 5/5
   788 | D:2      | Reached XP level 6. HP: 24/40 MP: 6/6
   919 | D:2      | Found a runed door.
   964 | D:2      | Found a shadowy altar of Dithmenos.
  1092 | D:2      | Noticed Crazy Yiuf
  1114 | D:2      | Killed Crazy Yiuf
  1324 | D:3      | Found a faded altar of an unknown god.
  1492 | D:3      | Found a shattered altar of Ashenzari.
  1598 | D:3      | Noticed Natasha
  1605 | D:3      | Killed Natasha
  1627 | D:3      | Noticed Robin
  1657 | D:3      | Killed Robin
  1688 | D:3      | Reached skill level 6 in Maces & Flails
  1916 | D:3      | Reached XP level 7. HP: 41/44 MP: 7/7
  1945 | D:3      | Found a white marble altar of Elyvilon.
  2122 | D:3      | Noticed Natasha
  2136 | D:3      | Killed Natasha
  2432 | D:4      | Found a glowing silver altar of Zin.
  2883 | D:5      | Entered Level 5 of the Dungeon
  2895 | D:5      | Reached skill level 7 in Maces & Flails
  2930 | D:5      | Noticed Menkaure
  2943 | D:5      | Killed Menkaure
  2947 | D:5      | Reached XP level 8. HP: 36/52 MP: 8/8
  2952 | D:5      | Gained mutation: You are clumsy. (Dex -2) [mutagenic meat]
  2953 | D:5      | Gained mutation: You have sharp toenails. [mutagenic meat]
  2954 | D:5      | Gained mutation: You are very clumsy. (Dex -4) [mutagenic meat]
  2955 | D:5      | Gained mutation: You tend to lose your temper in combat. [mutagenic meat]
  2956 | D:5      | Gained mutation: You are robust. (+10% HP) [mutagenic meat]
  2956 | D:5      | Found an opulent altar of Gozag.
  3186 | D:5      | Found a stormy altar of Qazlal.
  3238 | D:5      | Reached skill level 8 in Maces & Flails
  3252 | D:5      | Noticed Edmund
  3266 | D:5      | Killed Edmund
  3340 | D:5      | Noticed Eustachio
  3351 | D:5      | Killed Eustachio
  3530 | D:5      | Reached skill level 9 in Maces & Flails
  3699 | D:5      | Reached XP level 9. HP: 60/63 MP: 9/9
  4007 | D:6      | Found an ancient bone altar of Kikubaaqudgha.
  4019 | D:6      | Reached skill level 10 in Maces & Flails
  4023 | D:6      | Gained mutation: You are covered in fur. (AC +1) [mutagenic meat]
  4024 | D:6      | Gained mutation: You have a pair of small antennae on your head. [mutagenic meat]
  4025 | D:6      | Gained mutation: Your muscles are strong. (Str +2) [mutagenic meat]
  4026 | D:6      | Gained mutation: Your body sometimes deteriorates upon taking damage. [mutagenic meat]
  4028 | D:6      | Gained mutation: Your mind is acute. (Int +2) [mutagenic meat]
  4623 | D:6      | HP: 1/66 [orc priest/divine providence (9)]
  4641 | D:6      | Reached skill level 11 in Maces & Flails
  4950 | D:6      | Found a basalt altar of Yredelemnul.
  5037 | D:7      | Found a glowing golden altar of the Shining One.
  5104 | D:7      | Found a staircase to the Ecumenical Temple.
  5111 | Temple   | Entered the Ecumenical Temple
  5126 | Temple   | Became a worshipper of Warmaster Okawaru
  5216 | D:7      | Reached XP level 10. HP: 70/72 MP: 10/10
  5367 | D:7      | HP: 1/72 [enormous slime creature (59)]
  5368 | D:7      | Mangled by an enormous slime creature

Skill      XL: |  1  2  3  4  5  6  7  8  9 |
---------------+----------------------------+-----
Maces & Flails | 3 5 6 7 9 11 | 11.3
Fighting       | 4 5 6 7 9 |  9.2
Armour         | |  3.2
Shields        | |  3.2

Action                   |  1- 3 |  4- 6 |  7- 9 | 10-12 || total
-------------------------+-------+-------+-------+-------++-------
Melee: Flail             |   142 |    18 |       |       ||   160
       Whip              |       |   122 |       |       ||   122
       Mace              |       |    84 |   327 |       ||   411
       Morningstar       |       |       |    80 |    11 ||    91
  Use: Scroll            |     2 |     4 |     3 |       ||     9
       Potion            |       |     2 |     1 |     1 ||     4
  Eat: Chunk             |       |     4 |    23 |       ||    27
Armor: Scale mail        |    89 |    92 |   103 |       ||   284
       Chain mail        |       |       |    88 |     4 ||    92
Dodge: Dodged            |    55 |    57 |    82 |     1 ||   195
Block: Shield            |   109 |   145 |   219 |     4 ||   477
       Reflection        |       |     3 |    14 |       ||    17
